 Dungeon Crawl Stone Soup version 0.26-a0-1086-g9010512d90 (webtiles) character file.

Game seed: 1553870842485606448

117532 streetpizza the Thaumaturge (level 16, -12/129 HPs)
             Began as a Demonspawn Wanderer on Dec 13, 2020.
             Was the Champion of Kikubaaqudgha.
             Splashed by an oklob plant's acid (16 damage)
             ... on level 6 of the Lair of Beasts on Dec 14, 2020.
             The game lasted 02:59:35 (32650 turns).

streetpizza the Thaumaturge (Demonspawn Wanderer)  Turns: 32650, Time: 02:59:39

Health: -12/129    AC: 10    Str: 19    XL:     16   Next: 23%
Magic:  9/33       EV: 25    Int: 21    God:    Kikubaaqudgha [******]
Gold:   1431       SH: 10    Dex: 16    Spells: 24/41 levels left

rFire    + . .     SeeInvis +   w - +1 demon trident (venom)
rCold    + . .     Faith    .   W - +0 buckler
rNeg     . . .     Spirit   .   G - +0 steam dragon scales
rPois    +         Reflect  +   V - +1 hat of Mezcal {Harm rC+ Dex-3}
rElec    .         Harm     +   U - +2 cloak of the Will of the Gods {Str+9 SInv}
rCorr    .         Rampage  .   m - +1 pair of gloves of Virtue {rPois rF+}
Will     +....                  O - +2 pair of boots {Fly}
Stlth    ++++......             k - amulet of reflection
HPRegen  0.31/turn              q - +4 ring of evasion
MPRegen  0.23/turn              l - +4 ring of slaying

@: corroded, flying
A: antennae 2, thin skeletal structure 2, demonic guardian 1, foul stench 1,
augmentation 1, miasma immunity
a: Receive Corpses, Torment, Renounce Religion, Stop Flying


You were on level 6 of the Lair of Beasts.
You worshipped Kikubaaqudgha.
Kikubaaqudgha was exalted by your worship.
You visited 3 branches of the dungeon, and saw 22 of its levels.
You visited 1 bazaar.
You also visited: Sewer, Gauntlet and Ice Cave.

You collected 2115 gold pieces.
You spent 684 gold pieces at shops.

Inventory:

Hand Weapons
 w - a +1 demon trident of venom (weapon)
Missiles
 c - 110 poisoned darts (quivered)
 x - 10 curare-tipped darts
 z - 5 datura-tipped darts
Armour
 m - the +1 pair of gloves of Virtue (worn) {rPois rF+}
   (You found it in a Gauntlet)

   It protects you from fire.
   It protects you from poison.
 G - +0 steam dragon scales (worn)
 O - a +2 pair of boots of flying (worn)
 U - the +2 cloak of the Will of the Gods (worn) {Str+9 SInv}
   (You found it on level 12 of the Dungeon)

   It affects your strength (+9).
   It lets you see invisible.
 V - the +1 hat of Mezcal (worn) {Harm rC+ Dex-3}
   (You found it in a Gauntlet)

   It affects your dexterity (-3).
   It protects you from cold.
   It increases damage dealt and taken.
 W - a +0 buckler (worn)
Jewellery
 d - an uncursed ring of wizardry
 k - an amulet of reflection (around neck)
 l - a +4 ring of slaying (right hand)
 q - a +4 ring of evasion (left hand)
 I - an uncursed ring of wizardry
Wands
 a - a wand of enslavement (11)
 K - a wand of acid (10)
 R - a wand of digging (17)
 S - a wand of random effects (59)
 T - a wand of iceblast (22)
Scrolls
 b - 16 scrolls of remove curse
 g - 4 scrolls of amnesia
 h - 7 scrolls of identify
 i - 12 scrolls of teleportation
 j - 6 scrolls of fear
 o - 2 scrolls of enchant armour
 p - 5 scrolls of blinking
 r - 2 scrolls of magic mapping
 s - 6 scrolls of fog
 y - a scroll of silence
 H - 2 scrolls of enchant weapon
 Q - 4 scrolls of summoning
Potions
 e - a potion of invisibility
 f - a potion of ambrosia {unknown}
 n - 6 potions of lignification
 t - a potion of berserk rage
 u - 3 potions of attraction
 v - 8 potions of heal wounds
 A - a potion of might {unknown}
 B - 2 potions of cancellation
 C - 5 potions of resistance
 E - a potion of magic
 J - 6 potions of brilliance
 M - 4 potions of curing
 X - 3 potions of mutation
 Y - 2 potions of haste


   Skills:
 + Level 12.5 Fighting
 - Level 1.7 Long Blades
 - Level 10.0 Staves
 - Level 1.0 Throwing
 + Level 11.7 Dodging
 - Level 1.0 Stealth
 - Level 4.0 Shields
 + Level 13.2 Spellcasting
 + Level 12.8 Necromancy
 + Level 6.4 Earth Magic
 - Level 4.3 Evocations


You had 24 spell levels left.
You knew the following spells:

 Your Spells              Type           Power        Failure   Level
a - Vampiric Draining     Necr           ######....   1%          3
b - Agony                 Necr           ######..     1%          5
c - Dispel Undead         Necr           ######..     1%          4
d - Borgnjor's Vile Clut  Necr/Erth      ######....   2%          5

Your spell library contained the following spells:

 Spells                   Type           Power        Failure   Level
 Pain                     Necr           ####         1%          1
 Corpse Rot               Necr/Air       N/A          1%          2
 Passwall                 Tmut/Erth      ####....     1%          2
 Sublimation of Blood     Necr           ######....   1%          2
 Animate Dead             Necr           ######....   1%          4
 Excruciating Wounds      Necr           ######....   1%          5
 Foxfire                  Conj/Fire      ##..         4%          1
 Magic Dart               Conj           ##..         4%          1
 Blink                    Tloc           N/A          7%          2
 Call Imp                 Summ           ##......     7%          2
 Slow                     Hex            ##......     7%          2
 Swiftness                Air            ##......     7%          2
 Lee's Rapid Deconstruct  Erth           #####.....   10%         5
 Leda's Liquefaction      Hex/Erth       ####......   12%         4
 Petrify                  Tmut/Erth      ####....     12%         4
 Confusing Touch          Hex            ##......     14%         3
 Conjure Flame            Conj/Fire      ##......     14%         3
 Gell's Gravitas          Tloc           ##........   14%         3
 Inner Flame              Hex/Fire       ##......     14%         3
 Mephitic Cloud           Conj/Pois/Air  ##......     14%         3
 Passage of Golubria      Tloc           N/A          43%         4
 Sticky Flame             Conj/Fire      ##......     43%         4
 Summon Lightning Spire   Summ/Air       ##......     43%         4
 Bolt of Magma            Conj/Fire/Erth ###.......   47%         5
 Fireball                 Conj/Fire      ##........   78%         5
 Metabolic Englaciation   Hex/Ice        ##........   78%         5
 Silence                  Hex/Air        ##........   78%         5
 Summon Demon             Summ           ##........   78%         5
 Summon Forest            Summ/Tloc      ##........   78%         5
 Summon Mana Viper        Hex/Summ       ##......     78%         5
 Yara's Violent Unravell  Hex/Tmut       ##........   78%         5
 Borgnjor's Revivificati  Necr           ######....   85%         8
 Infestation              Necr           ######....   85%         8
 Iron Shot                Conj/Erth      ####......   88%         6
 Statue Form              Tmut/Erth      ####.....    88%         6
 Haunt                    Necr/Summ      #####.....   96%         7
 Conjure Ball Lightning   Conj/Air       ##........   100%        6
 Invisibility             Hex            ##......     100%        6
 Shadow Creatures         Summ           N/A          100%        6
 Summon Hydra             Summ           ##........   100%        7
 Necromutation            Tmut/Necr      #####.....   100%        8
 Death's Door             Necr           ######....   100%        9
 Shatter                  Erth           #####.....   100%        9
 Tornado                  Air            ##........   100%        9


Dungeon Overview and Level Annotations

Branches:
Dungeon (15/15)            Temple (1/1) D:4            Lair (6/6) D:8
  Swamp (0/4) Lair:4        Snake (0/4) Lair:2        Slime (0/5) Lair:6
    Orc (0/2) D:9          Vaults (0/5) D:14         Depths (0/5) D:15
  Sewer (visited)           IceCv (visited)         Gauntlet (visited)

Altars:
Ashenzari
Cheibriados
Dithmenos
Elyvilon
Fedhas
Gozag
Hepliaklqana
Kikubaaqudgha
Makhleb
Nemelex Xobeh
Okawaru
Qazlal
Ru
Sif Muna
Trog
Uskayaw
Vehumet
Wu Jian
Xom
Yredelemnul
Zin
The Shining One
Beogh

Shops:
D:7 [

Portals:
Trove: D:10 (give +4 demon blade)

Annotations:
Lair:6 2 runed translucent doors, exclusion: 4 oklob plants


Innate Abilities, Weirdness & Mutations

You have a pair of antennae on your head.
You have a moderately thin skeletal structure. (Dex +4, Stealth+)
A weak demonic guardian rushes to your aid.
You may emit foul miasma when damaged in melee.
Your magical and physical power is slightly enhanced at high health.
You are immune to miasma.


Message History

You hit the elephant.
You kill the elephant!
Kikubaaqudgha accepts your kill. The oklob plant spits acid at you.
The splash of acid misses you. The elephant misses you.
The elephant trunk-slaps you.
The elephant looks sick.
You hit the elephant.
You kill the elephant!
Kikubaaqudgha accepts your kill. The oklob plant spits acid at you.
The splash of acid hits you!
* * * LOW HITPOINT WARNING * * *
You are splashed with acid!
* * * LOW HITPOINT WARNING * * *
The oklob plant spits acid at you. The splash of acid hits you!
* * * LOW HITPOINT WARNING * * *
You are splashed with acid!
You die...
Kikubaaqudgha rasps: "You have failed me!
Welcome... death!"

####............#
..........P##...#
##......... ##..#
#P...P....#. #..##
##..†.>P....# #...#
#....PP...P## #P..##
###..†........#####...#
#....†††......#........
#..###@#.P............#
##†P..............
##.(...............
#.#................
##.................
#.................
##................
#.................
#.P...............


You could see 4 oklob plants.

Vanquished Creatures
  Frances (D:13)
  A minotaur (Gauntlet)
  A white draconian (IceCv)
  A death ooze (Gauntlet)
  Snorg (D:13)
  A merfolk impaler (D:13)
  Josephine (D:11)
  A yaktaur captain (D:15)
  Harold (D:11)
  8 hydras
  3 boulder beetles
  A catoblepas (Lair:2)
  4 centaur warriors
  A merfolk avatar (D:13)
  4 two-headed ogres
  Erica (D:9)
  3 tengu warriors
  5 death yaks (Lair:5)
  Urug (D:11)
  A fire crab (Lair:6)
  A deep troll (D:14)
  2 unseen horrors
  A wizard (D:14)
  Pikel (D:6)
  A wolf spider zombie (D:13)
  An orc knight (D:15)
  A deep elf mage (D:12)
  2 cyclopes
  3 ugly things
  3 manticores
  A moth of wrath (shapeshifter) (D:13)
  8 elephants
  An ice statue (IceCv)
  3 molten gargoyles (Lair:6)
  Psyche (D:11)
  4 black mambas
  17 cane toads
  3 kobold demonologists
  3 rime drakes
  A yaktaur (D:15)
  13 komodo dragons
  A tengu conjurer (D:14)
  6 trolls
  A tyrant leech (Lair:4)
  14 polar bears
  A raiju (Gauntlet)
  A slime creature (Gauntlet)
  19 dream sheep
  A hornet (D:11)
  8 blink frogs
  11 flying skulls (Gauntlet)
  7 wraiths
  Sigmund (D:2)
  5 wyverns
  3 water elementals (D:14)
  6 basilisks
  2 vampires
  85 yaks
  3 steam dragons
  Menkaure (D:6)
  6 vampire mosquitoes
  A soldier ant (D:12)
  2 swamp worms (Lair:4)
  3 hell hounds (Lair:6)
  15 water moccasins
  Duvessa (D:7)
  A swamp drake (D:8)
  Purgy (Sewer)
  2 phantoms
  10 orc warriors
  A black bear (D:7)
  7 ice beasts
  4 ogres
  3 sky beasts
  52 wolves
  10 centaurs
  10 big kobolds
  2 lemures (D:6)
  A wyvern zombie (D:8)
  23 bullfrogs
  Dowan (D:7)
  A wyvern skeleton (D:6)
  6 scorpions
  A killer bee (D:8)
  21 wights
  5 howler monkeys
  An electric eel (D:14)
  A bullfrog zombie (D:10)
  5 lava snakes (Lair:6)
  2 bullfrog skeletons
  4 jellies
  A quasit (D:12)
  15 orc priests
  3 centaur skeletons
  5 hounds
  24 orc wizards
  Crazy Yiuf (D:6)
  Jessica (D:2)
  8 hell rats
  6 iguanas
  Terence (D:3)
  9 worker ants
  2 killer bee zombies
  A hound skeleton (D:11)
  3 worker ant zombies
  4 gnolls (D:6)
  23 adders
  A river rat (D:3)
  3 shadow imps
  14 white imps
  2 ufetubi
  2 oozes
  An adder skeleton (D:9)
  2 adder zombies
  2 worms
  A dart slug (D:3)
  7 leopard geckos
  79 orcs
  9 bats
  6 giant cockroaches
  A goblin (D:1)
  7 hobgoblins
  14 jackals
  5 quokkas
  4 ball pythons
  A ball python zombie (D:5)
  2 frilled lizards
  23 kobolds
  9 rats
793 creatures vanquished.

Vanquished Creatures (collateral kills)
  4 hydras
  A death yak (Lair:5)
  An elephant (Lair:6)
  A dream sheep (Lair:2)
  3 wraiths (D:11)
  A yak (Lair:1)
  A vampire mosquito (D:12)
  An ice beast (D:7)
  2 ogres
  A bullfrog (D:11)
  A scorpion (D:8)
  A howler monkey (D:12)
  3 orc wizards
  An orc priest (D:4)
  A worker ant (D:7)
  4 orcs
  A kobold (D:12)
28 creatures vanquished.

Vanquished Creatures (others)
  A basilisk (Lair:6)
  A centaur (D:14)
  A kobold (D:3)
  24 fungi
  27 plants
54 creatures vanquished.

Grand Total: 875 creatures vanquished

Notes
Turn   | Place    | Note
-------+----------+-------------------------------------------
     0 | D:1      | streetpizza the Demonspawn Wanderer began the quest for the
                  | Orb.
     0 | D:1      | streetpizza set off with the following items: a +2
                  | quarterstaff, a +0 spear, 11 poisoned darts, a +0 dagger, a
                  | +0 robe
     0 | D:1      | Reached XP level 1. HP: 15/15 MP: 1/1
   408 | D:1      | Gained mutation: You have a somewhat thin skeletal
                  | structure. (Dex +2, Stealth) [demonic ancestry]
   408 | D:1      | Reached XP level 2. HP: 20/21 MP: 2/2
   771 | D:2      | Noticed Sigmund
   771 | D:2      | Noticed Jessica
   905 | D:2      | Gained mutation: You have a pair of small antennae on your
                  | head. [demonic ancestry]
   905 | D:2      | Reached XP level 3. HP: 27/27 MP: 3/3
   981 | D:2      | Killed Sigmund
   982 | D:2      | Reached XP level 4. HP: 14/34 MP: 4/4
   982 | D:2      | Reached XP level 5. HP: 16/39 MP: 5/5
  1867 | D:2      | Killed Jessica
  1909 | D:2      | Noticed a sky beast
  1924 | D:2      | Killed a sky beast
  1925 | D:2      | Gained mutation: A weak demonic guardian rushes to your
                  | aid. [demonic ancestry]
  1925 | D:2      | Reached XP level 6. HP: 27/47 MP: 6/6
  2401 | D:3      | Noticed Terence
  2414 | D:3      | Killed Terence
  2768 | D:3      | Found a glowing drain.
  2772 | Sewer    | Entered a sewer
  2976 | Sewer    | Noticed Purgy
  2986 | Sewer    | Killed Purgy
  2987 | Sewer    | Gained mutation: You have a moderately thin skeletal
                  | structure. (Dex +4, Stealth+) [demonic ancestry]
  2987 | Sewer    | Reached XP level 7. HP: 41/53 MP: 7/7
  3966 | D:4      | Found a hide-covered altar of Uskayaw.
  4102 | D:4      | Found a staircase to the Ecumenical Temple.
  4119 | Temple   | Entered the Ecumenical Temple
  4212 | Temple   | Became a worshipper of Kikubaaqudgha
  4253 | D:4      | Found a radiant altar of Vehumet.
  4604 | D:4      | Found a shimmering blue altar of Sif Muna.
  4672 | D:5      | Entered Level 5 of the Dungeon
  4877 | D:5      | Reached skill level 1 in Necromancy
  4959 | D:5      | Reached skill level 1 in Spellcasting
  4959 | D:5      | Reached XP level 8. HP: 61/61 MP: 9/9
  5435 | D:5      | Reached * piety under Kikubaaqudgha
  5435 | D:5      | Identified Kikubaaqudgha's Volume of Black Rituals
                  | (Kikubaaqudgha gifted it to you on level 5 of the Dungeon)
  5435 | D:5      | Received a gift from Kikubaaqudgha
  5870 | D:6      | Noticed Pikel
  5905 | D:6      | Killed Pikel
  5906 | D:6      | Reached skill level 5 in Fighting
  5906 | D:6      | Reached skill level 5 in Staves
  5906 | D:6      | Reached skill level 5 in Dodging
  5906 | D:6      | Reached skill level 2 in Spellcasting
  6291 | D:6      | Noticed Menkaure
  6320 | D:6      | Gained mutation: You are immune to miasma. [demonic
                  | ancestry]
  6320 | D:6      | Reached XP level 9. HP: 42/68 MP: 13/13
  6542 | D:6      | Found a glowing golden altar of the Shining One.
  6563 | D:6      | Killed Menkaure
  6564 | D:6      | Reached skill level 3 in Spellcasting
  6732 | D:6      | Found a basalt altar of Yredelemnul.
  6734 | D:6      | Noticed a profane servitor
  7052 | D:6      | Found a runed translucent door.
  7053 | D:6      | Noticed Crazy Yiuf
  7062 | D:6      | Killed Crazy Yiuf
  7353 | D:6      | Noticed an angel
  7372 | D:7      | Noticed Dowan
  7376 | D:7      | Noticed Duvessa
  7378 | D:7      | Killed Duvessa
  7380 | D:7      | Killed Dowan
  7383 | D:7      | Reached ** piety under Kikubaaqudgha
  7605 | D:7      | Found a broken altar of Ashenzari.
  7667 | D:7      | Found Ifepsog's Antique Armour Shoppe.
  7675 | D:7      | Bought a pair of runed boots for 180 gold pieces
  7675 | D:7      | Bought a pair of glowing gloves for 180 gold pieces
  7702 | D:7      | Found a hazy altar of Hepliaklqana.
  7962 | D:8      | Reached skill level 4 in Spellcasting
  7979 | D:8      | Reached skill level 5 in Necromancy
  8432 | D:8      | Noticed a two-headed ogre
  8453 | D:8      | Killed a two-headed ogre
  8454 | D:8      | Reached XP level 10. HP: 77/77 MP: 16/16
  8980 | D:8      | Reached *** piety under Kikubaaqudgha
  8980 | D:8      | Identified Kikubaaqudgha's Reference Book on Necromancy
                  | (Kikubaaqudgha gifted it to you on level 8 of the Dungeon)
  8980 | D:8      | Received a gift from Kikubaaqudgha
  9124 | D:8      | Found a staircase to the Lair.
  9336 | D:8      | Learned a level 3 spell: Vampiric Draining
  9354 | D:9      | Noticed Erica
  9659 | D:9      | Killed Erica
  9660 | D:9      | Reached skill level 5 in Spellcasting
 10096 | D:9      | Noticed a two-headed ogre
 10118 | D:9      | Killed a two-headed ogre
 10522 | D:9      | Found a staircase to the Orcish Mines.
 10542 | D:9      | Reached **** piety under Kikubaaqudgha
 10788 | D:9      | Reached XP level 11. HP: 83/86 MP: 19/19
 11259 | D:9      | Reached skill level 10 in Spellcasting
 11259 | D:9      | Gained mutation: You have a pair of antennae on your head.
                  | [demonic ancestry]
 11259 | D:9      | Reached XP level 12. HP: 92/92 MP: 19/26
 11260 | D:9      | Reached XP level 13. HP: 99/99 MP: 19/27
 11316 | D:10     | Entered Level 10 of the Dungeon
 11965 | D:10     | Learned a level 5 spell: Agony
 12107 | D:10     | Found a portal to a secret trove of treasure.
 12397 | D:11     | Noticed Josephine
 12475 | D:11     | Reached ***** piety under Kikubaaqudgha
 12481 | D:11     | Noticed Harold
 12511 | D:11     | Killed Harold
 12636 | D:11     | Killed Josephine
 12642 | D:11     | Reached skill level 11 in Spellcasting
 12654 | D:11     | Noticed Psyche
 12663 | D:11     | Killed Psyche
 12751 | D:11     | Found a flickering gateway to a bazaar.
 12763 | Bazaar   | Entered a bazaar
 12763 | Bazaar   | Found Boifeh's Gadget Shoppe.
 12763 | Bazaar   | Found Qeagar's General Store.
 12763 | Bazaar   | Found Viun's Book Emporium.
 13104 | Bazaar   | Bought a potion of haste for 180 gold pieces
 13104 | Bazaar   | Bought a potion of magic for 144 gold pieces
 13143 | D:11     | Noticed Urug
 14029 | D:11     | Killed Urug
 14828 | D:12     | Got a smoking cloak
 14839 | D:12     | Identified the +2 cloak of the Will of the Gods {Str+9
                  | SInv} (You found it on level 12 of the Dungeon)
 16385 | D:12     | Reached skill level 10 in Fighting
 16656 | D:12     | Reached skill level 10 in Necromancy
 17057 | D:13     | Learned a level 4 spell: Dispel Undead
 17063 | D:13     | Learned a level 5 spell: Borgnjor's Vile Clutch
 17247 | D:13     | Gained mutation: You may emit foul miasma when damaged in
                  | melee. [demonic ancestry]
 17247 | D:13     | Reached XP level 14. HP: 107/110 MP: 20/29
 17587 | D:13     | Reached ****** piety under Kikubaaqudgha
 17695 | D:13     | Noticed Frances
 17707 | D:13     | Killed Frances
 17947 | D:13     | Noticed Snorg
 17960 | D:13     | Killed Snorg
 18058 | D:13     | Found a runed translucent door.
 18081 | D:13     | Found a runed translucent door.
 18085 | D:13     | Found a runed translucent door.
 18112 | D:13     | Reached skill level 10 in Staves
 18421 | D:14     | Reached skill level 10 in Dodging
 18566 | D:14     | Found a roughly hewn altar of Beogh.
 18776 | D:14     | Upgraded the game from 0.26-a0-1060-g086102a3f0 to
                  | 0.26-a0-1086-g9010512d90
 19510 | D:14     | Reached skill level 1 in Shields
 19536 | D:14     | Found a gate to the Vaults.
 20055 | D:15     | Entered Level 15 of the Dungeon
 20096 | D:15     | Found a frozen archway.
 20241 | IceCv    | Entered an ice cave
 20380 | IceCv    | Reached skill level 1 in Earth Magic
 21197 | IceCv    | Reached skill level 12 in Spellcasting
 22448 | D:15     | Received a gift from Kikubaaqudgha
 22669 | D:15     | Found a staircase to the Depths.
 23219 | D:15     | Found a shimmering altar of Xom.
 23645 | Lair:1   | Entered Level 1 of the Lair of Beasts
 23714 | Lair:1   | Reached XP level 15. HP: 92/119 MP: 31/31
 24024 | Lair:1   | Found a gate leading to a gauntlet.
 24054 | Gauntlet | Entered a Gauntlet
 24054 | Gauntlet | Found a transporter.
 24054 | Gauntlet | Found a transporter.
 24184 | Gauntlet | Found a transporter.
 24198 | Gauntlet | Found a transporter.
 24216 | Gauntlet | Found a transporter.
 24216 | Gauntlet | Found a transporter.
 24216 | Gauntlet | Found a transporter.
 24219 | Gauntlet | Found a transporter.
 24219 | Gauntlet | Found a transporter.
 24230 | Gauntlet | Found a transporter.
 24247 | Gauntlet | Found a transporter.
 24251 | Gauntlet | Found a runed translucent door.
 24258 | Gauntlet | Found a transporter.
 24272 | Gauntlet | Found a transporter.
 24295 | Gauntlet | Found a transporter.
 24559 | Gauntlet | Got a jewelled hat
 24565 | Gauntlet | Identified the +1 hat of Mezcal {Harm rC+ Dex-3} (You found
                  | it in a Gauntlet)
 24735 | Gauntlet | Got a pair of faintly humming gloves
 24746 | Gauntlet | Identified the +1 pair of gloves of Virtue {rPois rF+} (You
                  | found it in a Gauntlet)
 25450 | Lair:1   | Found the +27 Lear's hauberk
 26488 | Lair:2   | Found a staircase to the Snake Pit.
 27342 | Lair:2   | Reached skill level 5 in Earth Magic
 29103 | Lair:4   | Found a staircase to the Swamp.
 30333 | Lair:5   | Reached skill level 13 in Spellcasting
 30874 | Lair:5   | Gained mutation: Your magical and physical power is
                  | slightly enhanced at high health. [demonic ancestry]
 30874 | Lair:5   | Reached XP level 16. HP: 127/127 MP: 33/33
 31069 | Lair:6   | Entered Level 6 of the Lair of Beasts
 31081 | Lair:6   | Found a staircase to the Slime Pits.
 31694 | Lair:6   | Found a large runed translucent door.
 31694 | Lair:6   | Found a large runed translucent door.
 32650 | Lair:6   | HP: 4/129 [oklob plant/splash of acid (12)]
 32650 | Lair:6   | Splashed by an oklob plant's acid

Illustrated notes

Levels and vault maps discovered:
D:1:      dpeg_arrival_arbitrary_c, layout_basic
D:2:      wander_river, layout_basic, dk_vineyard_3, uniq_sigmund, uniq_jessica
D:3:      layout_basic, gup_sewer_entry_bowl, uniq_terence
D:4:      layout_layer_cave, lemuel_blue_sif_altar, lemuel_round_altar,
          vehumet_altar_wand_db, temple_pool_b
D:5:      layout_basic
D:6:      layout_loops_corners, grunt_temple_overflow_holy_war, uniq_menkaure,
          uniq_pikel, uniq_crazy_yiuf_cottage
D:7:      layout_rooms, overflow_temple_1_default, serial_shops,
          nicolae_shop_waterfront, basic_altar, chequers_serial_rivers_micro_c,
          uniq_duvessa
D:8:      layout_rooms, erik_lair_dragon, minmay_bent
D:9:      layout_layer_cave, hiddenorc2_lemuel, uniq_erica
D:10:     minmay_flawed_box, layout_loops_ring, enter_trove_3
D:11:     layout_rooms, serial_shops, bzr_entry_gold, minmay_variable_closet,
          corexii_hall_statues_l, uniq_josephine, uniq_urug, uniq_psyche,
          uniq_harold
D:12:     layout_stronghold, hangedman_ranch [blue_anna_fruit_fields]
D:13:     layout_irregular_city, mikee_hates_you, uniq_frances, uniq_snorg
D:14:     layout_basic, david_vaults_4, grunt_decor_mini_mirrors,
          david_defended_altar_orc
D:15:     grunt_enter_depths_snipers, layout_irregular_city,
          portal_ice_cave_entry_imps, chequers_serial_rivers_micro_d,
          minivault_4, tgw_xom
Temple:   lightli_temple_of_artemis
Lair:1:   layout_cave_pods, gauntlet_entry_generic,
          grunt_forest_large_clearings, grunt_megastairs_5,
          serial_bayou_shore_a, lemuel_fruit_fields
Lair:2:   layout_cave_pods, minmay_snake_entry_six_corridors, grunt_megastairs_3
Lair:3:   layout_cave_pods, grunt_megastairs_4
Lair:4:   layout_concentric_octagons, palyth_hydra_swamp_entry
Lair:5:   layout_misc_corridors, beast_lair_carwin_3, infiniplex_staircase_pool,
          serial_bayou_shore_b
Lair:6:   cheibrodos_lair_end_hotspot, layout_cave_pods,
          minmay_slime_entry_oklob_open, lemuel_centaur_altar

Skill      XL: |  1  2  3  4  5  6  7  8  9 10 11 12 13 14 15 16 |
---------------+-------------------------------------------------+-----
Staves         | 2 3 4 5 6 7 8 9 10 | 10.0
Dodging        | 2 3 4 5 6 7 8 9 10 11 | 11.7
Fighting       | 2 3 4 5 6 7 8 10 11 12 | 12.5
Evocations     | 2 3 4 |  4.3
Necromancy     | 1 3 5 7 8 10 11 12 | 12.8
Spellcasting   | 1 2 4 5 10 11 12 13 | 13.2
Shields        | 4 |  4.0
Earth Magic    | 3 5 6 |  6.4
Long Blades    | |  1.7
Throwing       | |  1.0
Stealth        | |  1.0

Action                   |  1- 3 |  4- 6 |  7- 9 | 10-12 | 13-15 | 16-18 || total
-------------------------+-------+-------+-------+-------+-------+-------++-------
Melee: Quarterstaff      |    59 |   123 |   396 |   208 |   286 |       ||  1072
       Demon trident     |       |       |       |       |  1440 |   148 ||  1588
       Staff             |       |       |       |       |     4 |       ||     4
Throw: Dart              |     1 |       |       |     1 |     1 |     3 ||     6
 Cast: Vampiric Draining |       |       |       |    11 |    91 |     2 ||   104
       Agony             |       |       |       |       |    74 |     5 ||    79
       Dispel Undead     |       |       |       |       |    11 |       ||    11
       Borgnjor's Vile C |       |       |       |       |     1 |     1 ||     2
Invok: Receive Necronomi |       |       |       |       |     1 |       ||     1
       Torment           |       |       |       |       |     1 |     3 ||     4
       Receive Corpses   |       |       |       |       |     1 |     2 ||     3
  Use: Scroll            |       |       |     1 |    19 |    12 |     1 ||    33
       Potion            |       |       |       |     2 |     2 |     1 ||     5
 Stab: Sleeping          |     7 |     8 |    12 |     7 |    51 |     4 ||    89
       Distracted        |       |     1 |     3 |       |    14 |     3 ||    21
       Paralysed         |       |       |       |     4 |     5 |       ||     9
       Confused          |       |       |       |     1 |     1 |       ||     2
       Petrifying        |       |       |       |       |     4 |       ||     4
       Petrified         |       |       |       |       |     1 |       ||     1
Armor: Robe              |    17 |     7 |    24 |    27 |   159 |       ||   234
       Chain mail        |       |    34 |    64 |       |       |       ||    98
       Steam dragon scal |       |       |       |       |    74 |    25 ||    99
Dodge: Dodged            |    47 |    52 |   198 |   139 |  1509 |   120 ||  2065
Block: Other             |     1 |    24 |    63 |    34 |   175 |       ||   297
       Reflection        |       |     3 |     1 |     3 |    16 |     2 ||    25
       Buckler           |       |       |       |       |   514 |    49 ||   563

Table legend: (Time is in decaauts)
 A = Elapsed time spent in this place.
 B = Non-inter-level travel time spent in this place.
 C = Inter-level travel time spent in this place.
 D = Time resting spent in this place.
 E = Time spent auto-exploring this place.
 F = Levels seen in this place.
 G = Mean time per level.
                   A        B        C        D        E       F      G
               +--------+--------+--------+--------+--------+-----+--------+
         Total |  32771 |  31758 |   1013 |   3696 |  19857 |  26 | 1260.4 |
       Dungeon |  20821 |  19994 |    827 |   1489 |  13509 |  15 | 1388.1 |
        Temple |    118 |     94 |     24 |      0 |     85 |   1 |  118.0 |
          Lair |   8224 |   8062 |    162 |    785 |   5266 |   6 | 1370.7 |
        Bazaar |    358 |    358 |      0 |    200 |    126 |   1 |  358.0 |
         Sewer |    310 |    310 |      0 |     39 |     69 |   1 |  310.0 |
      Ice Cave |   2171 |   2171 |      0 |    991 |    608 |   1 | 2171.0 |
      Gauntlet |    766 |    766 |      0 |    191 |    194 |   1 |  766.0 |
               +--------+--------+--------+--------+--------+-----+--------+

Top non-repeatable levels by time:
    D:12: 2262 daAuts
   IceCv: 2171 daAuts
  Lair:1: 1881 daAuts
     D:9: 1780 daAuts
    D:13: 1659 daAuts
    D:14: 1656 daAuts
     D:6: 1559 daAuts
  Lair:2: 1480 daAuts
     D:8: 1479 daAuts
    D:10: 1472 daAuts
    D:11: 1424 daAuts
     D:2: 1383 daAuts
  Lair:6: 1300 daAuts
  Lair:4: 1282 daAuts
    D:15: 1236 daAuts
